 Dungeon Crawl Stone Soup version 0.28-a0-1404-g4df0f3684d (webtiles) character file.

Game seed: 11320071470130907916

1258 spaghetti the Blocker (level 8, -7/60 HPs)
             Began as a Gnoll Wanderer on Jan 6, 2022.
             Mangled by a wyvern zombie (12 damage)
             ... on level 6 of the Dungeon.
             The game lasted 00:19:26 (7645 turns).

spaghetti the Blocker (Gnoll Wanderer)              Turns: 7645, Time: 00:19:26

Health: -7/60      AC:  8    Str:  7      XL:     8   Next: 51%
Magic:  11/11      EV:  8    Int: 10      God:
Gold:   208        SH:  9    Dex: 17 (18) Spells: 13/13 levels left

rFire   . . .      SeeInvis .   b - +0 short sword (freeze) {short}
rCold   . . .      Faith    .   q - +2 buckler
rNeg    . . .      Spirit   .   d - +0 scale mail
rPois   .          Reflect  .   (no helmet)
rElec   .          Harm     .   (no cloak)
rCorr   .          Rampage  .   h - +0 pair of gloves
Will    .....                   (no boots)
Stlth   +.........              i - amulet of regeneration {@e2}
HPRegen 1.00/turn               s - ring of wizardry
MPRegen 0.12/turn               (no ring)

@: brilliant
A: fangs 1, strong nose, distributed training, talons 1, low mp 1, weak 1
a: no special abilities


You were on level 6 of the Dungeon.
You visited 1 branch of the dungeon, and saw 6 of its levels.

You collected 208 gold pieces.


Innate Abilities, Weirdness & Mutations

You have very sharp teeth.
Your uncanny sense of smell can sniff out nearby items.
Your experience applies equally to all skills.
You have sharp toenails.
Your magical capacity is low. (-10% MP)
You are weak. (Str -2)


   Skills:
 + Level 4.2 Fighting
 + Level 3.3 Short Blades
 + Level 3.3 Long Blades
 + Level 3.3 Axes
 + Level 3.3 Maces & Flails
 + Level 3.3 Polearms
 + Level 3.3 Staves
 + Level 4.2 Slings
 + Level 3.3 Bows
 + Level 3.3 Crossbows
 + Level 3.3 Throwing
 + Level 5.7 Armour
 + Level 3.3 Dodging
 + Level 3.3 Stealth
 + Level 9.2 Shields
 + Level 3.3 Unarmed Combat
 + Level 3.3 Spellcasting
 + Level 2.7 Conjurations
 + Level 2.7 Hexes
 + Level 2.7 Summonings
 + Level 2.7 Necromancy
 + Level 2.7 Translocations
 + Level 2.7 Transmutations
 + Level 2.7 Fire Magic
 + Level 2.7 Ice Magic
 + Level 2.7 Air Magic
 + Level 2.7 Earth Magic
 + Level 2.7 Poison Magic
 + Level 3.6 Invocations
 + Level 5.7 Evocations


You had 13 spell levels left.
You didn't know any spells.
Your spell library contained the following spells:

 Spells                   Type           Power      Damage    Failure   Level
 Sting                    Tmut/Pois      40%        1d5       38%         1
 Poisonous Vapours        Pois/Air       20%        N/A       52%         2
 Static Discharge         Conj/Air       10%        N/A       52%         2
 Portal Projectile        Hex/Tloc       20%        N/A       75%         3
 Dispel Undead            Necr           10%        3d9       98%         4
 Olgreb's Toxic Radiance  Pois           10%        N/A       98%         4
 Sticky Flame             Conj/Fire      10%        2d3       98%         4
 Blade Hands              Tmut           5%         N/A       100%        5
 Excruciating Wounds      Necr           5%         N/A       100%        5

Inventory:

Hand Weapons
 a - a +0 hunting sling {sling}
 b - a +0 short sword of freezing (weapon) {short}
   (You took it off a kobold on level 3 of the Dungeon)
Missiles
 c - 20 sling bullets
 g - 100 stones (quivered) {throwing}
 n - 77 arrows
 r - 5 javelins {throwing}
Armour
 d - a +0 scale mail (worn)
 h - a +0 pair of gloves (worn)
   (You found it on level 1 of the Dungeon)
 q - a +2 buckler (worn)
 t - a +0 helmet
   (You took it off Robin on level 3 of the Dungeon)
Jewellery
 i - an amulet of regeneration (around neck) {@e2}
   (You found it on level 3 of the Dungeon)
 l - a ring of positive energy
   (You found it on level 2 of the Dungeon)
 s - a ring of wizardry (left hand)
   (You found it on level 4 of the Dungeon)
Scrolls
 f - 3 scrolls of identify {@r1}
Potions
 e - 2 potions of magic
 m - 2 potions of attraction {!q}

Dungeon Overview and Level Annotations

Branches:
Dungeon (6/15)
 Temple: D:4-7

Altars:

Annotations:
D:5 3 runed translucent doors, porpoise's ghost, weakling DsDe

..........####.#
######!..........####.##
#.................#.....
#.......#########.#.....
#......h# #.#.....
#......)# #S#.....
#.....$.# #F#.....
#.......# #.#.....
#......@# #{#..... #.
#.....Z.# #O#..... #.
#.......#########s###... #o
#.............{ZWh.##... #.
#######..###.###.Z###.##...
#. #.......#...#W..#.#
..#...
##.##......###.###Z.#.#
#.#... ..#.........#.#
#.#.#.#.# #.....
...........###:# #[# #..#
##....


You could see a black bear and a wyvern zombie.


Message History

The howler monkey hoots and howls with incredible vigour!
An adder comes into view. 😱 HP[-1]
You take 1 damage, and now have 15/60 hp.
You feel much better.
The adder hisses angrily.
Something hits you but does no damage. Something hits you.
The howler monkey hoots and howls with incredible vigour! 😮 HP[+21]
You regained 21 hp, and now have 36/60 hp.
It was a potion of brilliance.
You feel clever all of a sudden. Something hits you.
You block the bullfrog's attack.
Something hits you but does no damage. 😮 HP[-2]
You take 2 damage, and now have 34/60 hp.
You don't know any spells.
Okay, then.
Unknown command.
You hit the bullfrog.
The bullfrog seems to slow down.
You freeze the bullfrog. Something hits you!
* * * LOW HITPOINT WARNING * * *
You block the bullfrog's attack. 😨 HP[-6]
You take 6 damage, and now have 28/60 hp.
You hit the bullfrog. You freeze the bullfrog. You claw the bullfrog.
Something hits you!
* * * LOW HITPOINT WARNING * * *
Something hits you.
* * * LOW HITPOINT WARNING * * *
The howler monkey hoots and howls with incredible vigour!
The bullfrog barely misses you. Something hits you.
* * * LOW HITPOINT WARNING * * *
You hear a shout!
You hear an angry growl. 😨 HP[-11]
You take 11 damage, and now have 17/60 hp.
You hit something. You freeze something. Something hits you but does no damage.
You block the bullfrog's attack. 😨 HP[+1]
You feel better. Something hits you.
* * * LOW HITPOINT WARNING * * *
The howler monkey hoots and howls with incredible vigour!
Something hits you!
* * * LOW HITPOINT WARNING * * *
The bullfrog hits you.
* * * LOW HITPOINT WARNING * * *
😱 HP[-10]
You take 10 damage, and now have 8/60 hp.
Unknown command.
As you read the scroll of teleportation {@r4}, it crumbles to dust.
You feel strangely unstable. Something hits you but does no damage.
The bullfrog barely misses you. 😱 HP[+1] Unknown command.
Unknown command.
You barely miss the bullfrog. Your kick misses the bullfrog.
Something hits you.
* * * LOW HITPOINT WARNING * * *
Something hits you but does no damage. x2; The bullfrog hits you.
* * * LOW HITPOINT WARNING * * *
😱 HP[-2]
You take 2 damage, and now have 7/60 hp.
Unknown command.
You closely miss the bullfrog.
Your surroundings suddenly seem different.
An orc wizard comes into view.
It is wielding a +0 dagger. 😱 HP[+1] Unknown command. 😱 HP[+1] 😱 HP[+1] 😱 HP[+1]
The orc wizard gestures at you while chanting.
The puff of flame hits you.
* * * LOW HITPOINT WARNING * * *
😱 HP[-3]
You take 3 damage, and now have 8/60 hp.
The orc wizard gestures at you while chanting.
You resist with some effort. 😱 HP[+1]
The orc wizard casts a spell at you. The puff of flame hits you.
* * * LOW HITPOINT WARNING * * *
😱 HP[-4]
You take 4 damage, and now have 5/60 hp.
The orc wizard casts a spell.
The orc wizard flickers and vanishes! 😱 HP[+1] 😱 HP[+1]
The wyvern zombie bites you.
* * * LOW HITPOINT WARNING * * *
😱 HP[-5]
You take 5 damage, and now have 2/60 hp.
An orc comes into view. It is wielding a +0 dagger. 😱 HP[+1]
A black bear comes into view.
The wyvern zombie bites you but does no damage. 😱 HP[+1]
The black bear growls angrily.
You hear a loud, deep croak!
The wyvern zombie bites you!
You die...

Skill      XL: |  1  2  3  4  5  6  7  8 |
---------------+-------------------------+-----
Invocations    | 1 2 3 |  3.6
Short Blades   | 1 2 3 |  3.3
Long Blades    | 1 2 3 |  3.3
Axes           | 1 2 3 |  3.3
Maces & Flails | 1 2 3 |  3.3
Polearms       | 1 2 3 |  3.3
Staves         | 1 2 3 |  3.3
Bows           | 1 2 3 |  3.3
Crossbows      | 1 2 3 |  3.3
Throwing       | 1 2 3 |  3.3
Dodging        | 1 2 3 |  3.3
Stealth        | 1 2 3 |  3.3
Unarmed Combat | 1 2 3 |  3.3
Spellcasting   | 1 2 3 |  3.3
Conjurations   | 1 2 |  2.7
Hexes          | 1 2 |  2.7
Summonings     | 1 2 |  2.7
Necromancy     | 1 2 |  2.7
Translocations | 1 2 |  2.7
Transmutations | 1 2 |  2.7
Fire Magic     | 1 2 |  2.7
Ice Magic      | 1 2 |  2.7
Air Magic      | 1 2 |  2.7
Earth Magic    | 1 2 |  2.7
Poison Magic   | 1 2 |  2.7
Fighting       | 3 4 |  4.2
Slings         | 3 4 |  4.2
Armour         | 5 |  5.7
Evocations     | 5 |  5.7
Shields        | 9 |  9.2

Action                   |  1- 3 |  4- 6 |  7- 9 || total
-------------------------+-------+-------+-------++-------
Melee: Short sword       |       |    66 |   501 ||   567
       Kick              |       |    21 |   150 ||   171
       Bite              |       |     5 |    49 ||    54
 Fire: Hunting sling     |   142 |   300 |       ||   442
Throw: Stone             |       |    16 |       ||    16
  Use: Potion            |       |     6 |     3 ||     9
       Scroll            |       |     5 |     3 ||     8
Armor: Scale mail        |    30 |    82 |   279 ||   391
Dodge: Dodged            |    24 |    47 |   207 ||   278
Block: Buckler           |    15 |    86 |   258 ||   359

Levels and vault maps discovered:
D:1:      lemuel_arrival_tunnels, layout_basic, chequers_serial_rivers_micro_a,
          minivault_25, nicolae_concentric_dashed_squares_wild, minivault_4,
          hangedman_decor_diamond_cutter
D:2:      layout_basic, kennysheep_generic_room_15, uniq_terence
D:3:      layout_basic, serial_corexii_hall, corexii_hall_statues_i,
          chequers_hall_statues_corner_a, corexii_hall_statues_deadend,
          corexii_hall_statues_i, shapermc_ecumenical_altar_venn, uniq_robin
D:4:      layout_loops_ring
D:5:      layout_basic, ebering_ghost_rock_garden, minmay_small_thing
D:6:      layout_basic, gup_sewer_entry_bubbles, minmay_manual_mail,
          uniq_eustachio

Notes
Turn   | Place    | Note
-------+----------+-------------------------------------------
     0 | D:1      | spaghetti the Gnoll Wanderer began the quest for the Orb.
     0 | D:1      | spaghetti set off with the following items: a +0 hunting
                  | sling {sling}, a +2 buckler, 19 sling bullets, a +0 scale
                  | mail
     0 | D:1      | Reached XP level 1. HP: 17/17 MP: 1/1
     0 | D:1      | magus.rc [v1.9.6]
   170 | D:1      | You add the spells Sting, Poisonous Vapours and Olgreb's
                  | Toxic Radiance to your library.
   526 | D:1      | You fall into a shaft and drop 1 floor!
   537 | D:1      | Reached XP level 2. HP: 20/23 MP: 2/2
  1214 | D:2      | Reached XP level 3. HP: 28/28 MP: 3/3
  1449 | D:2      | Reached skill level 1 in Invocations
  1456 | D:2      | You pick up a book of Touch and begin reading...
  1456 | D:2      | You add the spells Static Discharge, Sticky Flame and
                  | Dispel Undead to your library.
  1539 | D:2      | Reached skill level 1 in Short Blades
  1539 | D:2      | Reached skill level 1 in Long Blades
  1539 | D:2      | Reached skill level 1 in Axes
  1539 | D:2      | Reached skill level 1 in Maces & Flails
  1539 | D:2      | Reached skill level 1 in Polearms
  1539 | D:2      | Reached skill level 1 in Staves
  1539 | D:2      | Reached skill level 1 in Bows
  1539 | D:2      | Reached skill level 1 in Crossbows
  1539 | D:2      | Reached skill level 1 in Throwing
  1539 | D:2      | Reached skill level 1 in Dodging
  1539 | D:2      | Reached skill level 1 in Stealth
  1539 | D:2      | Reached skill level 1 in Unarmed Combat
  1539 | D:2      | Reached skill level 1 in Spellcasting
  1854 | D:2      | Reached XP level 4. HP: 32/34 MP: 5/5
  2032 | D:2      | Noticed Terence
  2053 | D:2      | Killed Terence
  2180 | D:2      | Reached skill level 1 in Conjurations
  2180 | D:2      | Reached skill level 1 in Hexes
  2180 | D:2      | Reached skill level 1 in Summonings
  2180 | D:2      | Reached skill level 1 in Necromancy
  2180 | D:2      | Reached skill level 1 in Translocations
  2180 | D:2      | Reached skill level 1 in Transmutations
  2180 | D:2      | Reached skill level 1 in Fire Magic
  2180 | D:2      | Reached skill level 1 in Ice Magic
  2180 | D:2      | Reached skill level 1 in Air Magic
  2180 | D:2      | Reached skill level 1 in Earth Magic
  2180 | D:2      | Reached skill level 1 in Poison Magic
  3040 | D:3      | Noticed Robin
  3096 | D:4      | Reached XP level 5. HP: 40/40 MP: 6/6
  3522 | D:4      | Reached skill level 3 in Fighting
  3522 | D:4      | Reached skill level 3 in Slings
  3828 | D:4      | Noticed an ogre
  3835 | D:4      | Gained mutation: You sometimes lose the ability to read
                  | scrolls when taking damage. [potion of mutation]
  3835 | D:4      | Gained mutation: You are weak. (Str -2) [potion of
                  | mutation]
  3835 | D:4      | Gained mutation: You have large cloven feet. [potion of
                  | mutation]
  3836 | D:4      | HP: 8/41 [ogre (26)]
  4248 | D:3      | Reached XP level 6. HP: 47/47 MP: 8/8
  4253 | D:3      | Reached skill level 2 in Invocations
  4397 | D:3      | Killed Robin
  4404 | D:3      | Found a faded altar of an unknown god.
  4450 | D:3      | Lost mutation: You sometimes lose the ability to read
                  | scrolls when taking damage. [potion of mutation]
  4450 | D:3      | Lost mutation: You have large cloven feet. [potion of
                  | mutation]
  4450 | D:3      | Gained mutation: Your magical capacity is low. (-10% MP)
                  | [potion of mutation]
  4450 | D:3      | Gained mutation: You have sharp toenails. [potion of
                  | mutation]
  4935 | D:4      | Reached skill level 2 in Short Blades
  4935 | D:4      | Reached skill level 2 in Long Blades
  4935 | D:4      | Reached skill level 2 in Axes
  4935 | D:4      | Reached skill level 2 in Maces & Flails
  4935 | D:4      | Reached skill level 2 in Polearms
  4935 | D:4      | Reached skill level 2 in Staves
  4935 | D:4      | Reached skill level 2 in Bows
  4935 | D:4      | Reached skill level 2 in Crossbows
  4935 | D:4      | Reached skill level 2 in Throwing
  4935 | D:4      | Reached skill level 5 in Armour
  4935 | D:4      | Reached skill level 2 in Dodging
  4935 | D:4      | Reached skill level 2 in Stealth
  4935 | D:4      | Reached skill level 2 in Unarmed Combat
  4935 | D:4      | Reached skill level 2 in Spellcasting
  4935 | D:4      | Reached skill level 5 in Evocations
  5180 | D:5      | Entered Level 5 of the Dungeon
  5278 | D:5      | Noticed an ice beast
  5329 | D:5      | HP: 5/47 [ice beast (9)]
  5348 | D:5      | HP: 5/47 [ice beast (8)]
  5361 | D:5      | HP: 7/47 [ice beast (9)]
  5394 | D:5      | Killed an ice beast
  5537 | D:5      | Reached XP level 7. HP: 49/52 MP: 9/9
  5685 | D:5      | Found a runed translucent gate.
  5686 | D:5      | Found a runed translucent gate.
  5686 | D:5      | Found a runed translucent gate.
  5693 | D:5      | Noticed porpoise's ghost (weakling DsDe)
  5747 | D:6      | Noticed Eustachio
  5756 | D:5      | HP: 8/52 [shadow imp/nerve-wracking pain (9)]
  5833 | D:6      | Reached skill level 2 in Conjurations
  5833 | D:6      | Reached skill level 2 in Hexes
  5833 | D:6      | Reached skill level 2 in Summonings
  5833 | D:6      | Reached skill level 2 in Necromancy
  5833 | D:6      | Reached skill level 2 in Translocations
  5833 | D:6      | Reached skill level 2 in Transmutations
  5833 | D:6      | Reached skill level 2 in Fire Magic
  5833 | D:6      | Reached skill level 2 in Ice Magic
  5833 | D:6      | Reached skill level 2 in Air Magic
  5833 | D:6      | Reached skill level 2 in Earth Magic
  5833 | D:6      | Reached skill level 2 in Poison Magic
  5968 | D:5      | Killed Eustachio
  5969 | D:5      | Reached skill level 9 in Shields
  6174 | D:5      | Noticed a two-headed ogre
  6210 | D:4      | HP: 5/53 [two-headed ogre (20)]
  6296 | D:4      | HP: 7/53 [two-headed ogre (17)]
  6430 | D:5      | Reached skill level 3 in Invocations
  6454 | D:5      | You pick up a book of Weapons and begin reading...
  6454 | D:5      | You add the spells Portal Projectile, Excruciating Wounds
                  | and Blade Hands to your library.
  6593 | D:5      | HP: 10/53 [orc warrior (12)]
  6706 | D:5      | Reached XP level 8. HP: 23/60 MP: 11/11
  6808 | D:5      | Reached skill level 4 in Fighting
  6808 | D:5      | Reached skill level 3 in Short Blades
  6808 | D:5      | Reached skill level 3 in Long Blades
  6808 | D:5      | Reached skill level 3 in Axes
  6808 | D:5      | Reached skill level 3 in Maces & Flails
  6808 | D:5      | Reached skill level 3 in Polearms
  6808 | D:5      | Reached skill level 3 in Staves
  6808 | D:5      | Reached skill level 4 in Slings
  6808 | D:5      | Reached skill level 3 in Bows
  6808 | D:5      | Reached skill level 3 in Crossbows
  6808 | D:5      | Reached skill level 3 in Throwing
  6808 | D:5      | Reached skill level 3 in Dodging
  6808 | D:5      | Reached skill level 3 in Stealth
  6808 | D:5      | Reached skill level 3 in Unarmed Combat
  6808 | D:5      | Reached skill level 3 in Spellcasting
  7606 | D:6      | Noticed a two-headed ogre
  7624 | D:6      | HP: 15/60 [something (2)]
  7630 | D:6      | HP: 13/60 [something (7)]
  7637 | D:6      | HP: 8/60 [orc wizard/puff of flame (4)]
  7642 | D:6      | HP: 2/60 [wyvern zombie (6)]
  7645 | D:6      | Mangled by a wyvern zombie

Vanquished Creatures
  Eustachio (D:5)
  An orc warrior (D:5)
  2 ice beasts
  A phantom (D:5)
  2 scorpions
  A water moccasin skeleton (D:4)
  A howler monkey (D:6)
  A bullfrog zombie (D:5)
  2 centaur zombies
  3 hounds (D:6)
  A bullfrog skeleton (D:6)
  2 iguanas
  An orc wizard (D:6)
  Terence (D:2)
  A hound zombie (D:5)
  Robin (D:3)
  A howler monkey zombie (D:5)
  5 adders
  2 river rats (D:6)
  A shadow imp (D:5)
  A white imp (D:6)
  2 ufetubi
  7 worms
  3 dart slugs
  13 orcs
  A ball python (D:1)
  5 endoplasms
  3 giant cockroaches
  22 goblins
  4 hobgoblins
  3 jackals (D:2)
  7 kobolds
  3 quokkas
  5 bats
  4 frilled lizards
  8 rats
122 creatures vanquished.

Table legend:
 A = Non-vault XP
 B = Vault XP
 C = Vault XP percentage of total XP
 D = Non-vault monster count
 E = Vault monster count
 F = Vault count percentage of total count
                 A         B        C        D         E       F
            +---------+---------+-------+---------+---------+-------
      Total |    1269 |     529 |  29.4 |      98 |      24 |  19.7
            +---------+---------+-------+---------+---------+-------
        D:1 |      26 |       0 |   0.0 |      16 |       0 |   0.0
        D:2 |      81 |      32 |  28.3 |      24 |       1 |   4.0
        D:3 |      38 |      35 |  47.9 |      17 |      11 |  39.3
        D:4 |     233 |       2 |   0.9 |      15 |       1 |   6.2
        D:5 |     535 |     324 |  37.7 |      16 |       2 |  11.1
        D:6 |     356 |     136 |  27.6 |      10 |       9 |  47.4
            +---------+---------+-------+---------+---------+-------

Illustrated notes

Table legend:
 A = Kills in this place as a percentage of kills in entire the game.
 B = Kills by you in this place as a percentage of kills by you in the entire game.
 C = Kills by friends in this place as a percentage of kills by friends in the entire game.
 D = Other kills in this place as a percentage of other kills in the entire game.
 E = Experience gained in this place as a percentage of experience gained in the entire game.
 F = Experience gained in this place divided by the number of levels of this place that you have seen.
                   A       B       C       D       E      F
               +-------+-------+-------+-------+-------+----------------------
         Total | 100.0 | 100.0 |   N/A |   N/A | 100.0 | 299.7
       Dungeon | 100.0 | 100.0 |   N/A |   N/A | 100.0 | 299.7
               +-------+-------+-------+-------+-------+----------------------

Table legend: (Time is in decaauts)
 A = Elapsed time spent in this place.
 B = Non-inter-level travel time spent in this place.
 C = Inter-level travel time spent in this place.
 D = Time resting spent in this place.
 E = Time spent auto-exploring this place.
 F = Levels seen in this place.
 G = Mean time per level.
                   A        B        C        D        E       F      G
               +--------+--------+--------+--------+--------+-----+--------+
         Total |   7714 |   7530 |    184 |   1333 |   4344 |   6 | 1285.7 |
       Dungeon |   7714 |   7530 |    184 |   1333 |   4344 |   6 | 1285.7 |
               +--------+--------+--------+--------+--------+-----+--------+

Top non-repeatable levels by time:
     D:5: 1714 daAuts
     D:2: 1511 daAuts
     D:4: 1345 daAuts
     D:3: 1331 daAuts
     D:1: 1149 daAuts
     D:6: 661 daAuts
